 Dungeon Crawl Stone Soup version 0.27-a0-819-g058290f16d (webtiles) character file.

Game seed: 13965257879774662280

613 robertstho the Magician (level 7, -1/49 HPs)
             Began as a Djinni Ice Elementalist on Mar 29, 2021.
             Slain by a wyvern (10 damage)
             ... on level 5 of the Dungeon.
             The game lasted 00:08:54 (5917 turns).

robertstho the Magician (Djinni Ice Elementalist)   Turns: 5917, Time: 00:08:55

Health: -1/49      AC:  5    Str:  5    XL:     7   Next: 44%
Gold:   122        EV: 11    Int: 19    God:
                   SH:  0    Dex: 13

rFire    + + .     SeeInvis .   a - +0 flail "Fopnuacw" {vorpal, rElec rC++ Str-2}
rCold    + . .     Faith    .   (no shield)
rNeg     . . .     Spirit   .   q - +0 troll leather armour {Purgy}
rPois    ∞         Reflect  .   (no helmet)
rElec    +         Harm     .   p - scarf {+Inv}
rCorr    .         Rampage  .   i - +0 pair of gloves
Will     .....                  (boots unavailable)
Stlth    ++........             (no amulet)
HPRegen  1.16/turn              g - ring of wizardry
MPRegen  0.00/turn              (no ring)

@: frozen ramparts, flying, invisible
A: fire resistance 2, cold vulnerability 1, float, innate caster, hp casting,
extra vitality 1
a: Evoke Invisibility


You were on level 5 of the Dungeon.
You visited 2 branches of the dungeon, and saw 6 of its levels.

You collected 122 gold pieces.

Inventory:

Hand Weapons
 a - the +0 flail "Fopnuacw" (weapon) {vorpal, rElec rC++ Str-2}
   (You found it on level 4 of the Dungeon)

   It inflicts extra damage upon your enemies.
   It affects your strength (-2).
   It greatly protects you from cold.
   It insulates you from electricity.
 f - a +0 dagger
Armour
 i - a +0 pair of gloves (worn)
 p - a scarf of invisibility (worn)
 q - a +0 troll leather armour (worn) {Purgy}
Jewellery
 g - a ring of wizardry (left hand)
Wands
 l - a wand of acid (9)
Scrolls
 b - a scroll of enchant armour {unknown}
 c - a scroll of identify
 d - a scroll of vulnerability {unknown}
 j - a scroll of fear {unknown}
 n - a scroll of torment {unknown}
Potions
 o - a potion of lignification {unknown}
 r - a potion of mutation {unknown}


   Skills:
 * Level 2.7 Fighting
 + Level 1.3 Short Blades
 + Level 0.4 Armour
 + Level 2.6 Dodging
 + Level 2.1 Stealth
 * Level 6.5 Spellcasting


You couldn't memorise any spells.
You knew the following spells:

 Your Spells              Type           Power      Damage    Failure   Level
a - Freeze                Ice            100%       1d11      1%          1
b - Frozen Ramparts       Ice            62%        1d8       1%          3
c - Ozocubu's Armour      Ice            31%        N/A       1%          3
d - Hailstorm             Conj/Ice       31%        3d8       4%          4
e - Summon Ice Beast      Ice/Summ       31%        N/A       4%          4
f - Shock                 Conj/Air       100%       1d9       1%          1
g - Blink                 Tloc           N/A        N/A       1%          2
h - Portal Projectile     Hex/Tloc       62%        N/A       1%          3
Your spell library was empty.

Dungeon Overview and Level Annotations

Branches:
Dungeon (5/15)             Temple (1/1) D:5

Altars:
Ashenzari
Cheibriados
Dithmenos
Elyvilon
Fedhas
Hepliaklqana
Kikubaaqudgha
Makhleb
Nemelex Xobeh
Okawaru
Qazlal
Ru
Sif Muna
Trog
Vehumet
Xom
Yredelemnul
Zin
The Shining One

Annotations:
D:3 1 runed translucent door, Zeld's ghost, amateur HuCj


Innate Abilities, Weirdness & Mutations

You are immune to poison.
Your flesh is very heat resistant. (rF++)
You are vulnerable to cold. (rC-)
You float through the air rather than walking.
You learn spells naturally, not from books.
Your magical power is your life essence.
You have superior vitality. (+4 HP)


Message History

Casting: Frozen Ramparts (safe; 1% risk of failure)
Press: ? - help, Dir - look around, f - activate The walls around you are covered in ice.
The wall freezes the hound.
The hound bites you.
You miss the hound.
The hound is moderately wounded.
The wall freezes the hound.
The hound closely misses you.
The wall freezes the hound.
The hound bites you.
You barely miss the hound.
The hound is severely wounded.
The wall freezes the hound.
The hound misses you.
The wall freezes the hound.
You kill the hound!
No target in view!
No target in view!
The frozen ramparts melt away.
You see here a hound corpse.
A bullfrog zombie comes into view.
The wyvern hisses angrily.
Casting: Frozen Ramparts (safe; 1% risk of failure)
Confirm with . or Enter, or press ? or * to list all spells.
Casting: Frozen Ramparts (safe; 1% risk of failure)
Press: ? - help, Dir - look around, f - activate The walls around you are covered in ice.
The wall freezes the wyvern.
The wyvern bites you!!
The bullfrog zombie completely resists.
The wall freezes the bullfrog zombie but does no damage.
The wall freezes the wyvern.
The wyvern bites you.
Casting: Frozen Ramparts (safe; 1% risk of failure)
Confirm with . or Enter, or press ? or * to list all spells.
A chill wind blows around you.
The bullfrog zombie completely resists.
The wall freezes the bullfrog zombie but does no damage.
The wall freezes the wyvern.
The wyvern bites you!
* * * LOW HITPOINT WARNING * * *
Unknown command.
You fade into invisibility!
The bullfrog zombie resists.
The wall freezes the bullfrog zombie.
The wall freezes the wyvern.
The wyvern bites you.
* * * LOW HITPOINT WARNING * * *
The wall freezes the wyvern.
The wyvern bites you!
You die...

.
#.####..#.88.#
.. #. #.#
#..'....# ...
#. #.#
######### .#.
#..
#.####....##
...
##....####.#
... ###### #.#
. #(?##. #.# .
#$!##.Z##†# .
###. #l@## . l
#Y.# . ## ####
. . . . . . .


You could see a wyvern (ally target), a bullfrog zombie and a friendly ice beast
(summoned).

Vanquished Creatures
  A wyvern (D:5)
  Purgy (D:4)
  An orc priest (D:3)
  4 hounds
  A gnoll shaman (D:5)
  An orc wizard (D:3)
  2 gnolls (D:5)
  A howler monkey skeleton (D:5)
  3 adders
  A shadow imp (D:5)
  4 worms
  2 dart slugs
  4 orcs (D:3)
  10 ball pythons
  9 endoplasms
  4 giant cockroaches
  6 goblins
  8 hobgoblins
  11 jackals (D:2)
  A quokka (D:2)
  4 bats
  3 frilled lizards
  5 kobolds
  6 rats
93 creatures vanquished.

Vanquished Creatures (collateral kills)
  A hound (D:5)
  A gnoll (D:5)
  An adder skeleton (D:4)
3 creatures vanquished.

Vanquished Creatures (others)
  A plant (D:3)
1 creature vanquished.

Grand Total: 97 creatures vanquished

Notes
Turn   | Place    | Note
-------+----------+-------------------------------------------
     0 | D:1      | robertstho the Djinni Ice Elementalist began the quest for
                  | the Orb.
     0 | D:1      | Reached XP level 1. HP: 15/15 MP: 0/0
   492 | D:1      | Reached XP level 2. HP: 5/21 MP: 0/0
   770 | D:1      | Reached skill level 4 in Spellcasting
  1197 | D:1      | Reached XP level 3. HP: 17/25 MP: 0/0
  1197 | D:1      | Learned a level 1 spell: Shock
  2425 | D:2      | Found a blossoming altar of Fedhas.
  2529 | D:2      | Reached XP level 4. HP: 27/31 MP: 0/0
  3034 | D:3      | Noticed Zeld's ghost (amateur HuCj)
  3040 | D:3      | Found a runed translucent door.
  3816 | D:3      | Reached skill level 1 in Fighting
  3816 | D:3      | Reached XP level 5. HP: 26/37 MP: 0/0
  3816 | D:3      | Learned a level 2 spell: Blink
  3990 | D:3      | Reached skill level 5 in Spellcasting
  4471 | D:4      | Reached XP level 6. HP: 38/42 MP: 0/0
  4613 | D:4      | Found a glowing golden altar of the Shining One.
  4733 | D:4      | Noticed Purgy
  4749 | D:4      | Killed Purgy
  4972 | D:4      | Found a bloodstained altar of Trog.
  5111 | D:4      | Identified the +0 flail "Fopnuacw" {vorpal, rElec rC++
                  | Str-2}
  5299 | D:5      | Entered Level 5 of the Dungeon
  5303 | D:5      | Found a staircase to the Ecumenical Temple.
  5355 | D:5      | Reached skill level 6 in Spellcasting
  5363 | Temple   | Entered the Ecumenical Temple
  5744 | D:5      | Noticed a wyvern
  5751 | D:5      | Killed a wyvern
  5752 | D:5      | Reached skill level 1 in Short Blades
  5752 | D:5      | Reached XP level 7. HP: 32/49 MP: 0/0
  5752 | D:5      | Learned a level 3 spell: Portal Projectile
  5883 | D:5      | Noticed a wyvern
  5917 | D:5      | Slain by a wyvern

Illustrated notes

Levels and vault maps discovered:
D:1:      dpeg_arrival_round_a, layout_loops_cross
D:2:      layout_basic, fedhas_altar_1
D:3:      layout_basic, hellmonk_ghost_happy_afterlife, serial_bayou_pond_c,
          minmay_misc_feat_pillars
D:4:      layout_gridville, general_overflow_altar, kennysheep_path_1,
          trog_three_pillars_becter, uniq_purgy
D:5:      minmay_chambers_of_fours, layout_layer_cave,
          minmay_temple_entry_trees, uniq_duvessa, uniq_sigmund
Temple:   dpeg_five_rooms_temple

Skill      XL: |  1  2  3  4  5  6 |
---------------+-------------------+-----
Spellcasting   | 4 5 6 |  6.5
Fighting       | 1 2 |  2.7
Stealth        | 2 |  2.1
Short Blades   | 1 |  1.3
Armour         | |  0.4
Dodging        | |  2.6

Action                   |  1- 3 |  4- 6 |  7- 9 || total
-------------------------+-------+-------+-------++-------
Melee: Unarmed           |    11 |       |       ||    11
       Dagger            |    44 |    40 |       ||    84
       Flail             |       |     4 |    14 ||    18
 Cast: Freeze            |    40 |    22 |     2 ||    64
       Frozen Ramparts   |     3 |    25 |     5 ||    33
       Summon Ice Beast  |       |     5 |     1 ||     6
       Ozocubu's Armour  |       |     1 |       ||     1
       Hailstorm         |       |       |     1 ||     1
  Use: Potion            |     2 |       |     1 ||     3
       Scroll            |     1 |     2 |       ||     3
 Stab: Sleeping          |     6 |     2 |       ||     8
       Distracted        |       |     1 |       ||     1
Armor: Robe              |    19 |    14 |       ||    33
       Troll leather arm |       |     6 |     5 ||    11
Dodge: Dodged            |    53 |    39 |     9 ||   101

Table legend: (Time is in decaauts)
 A = Elapsed time spent in this place.
 B = Non-inter-level travel time spent in this place.
 C = Inter-level travel time spent in this place.
 D = Time resting spent in this place.
 E = Time spent auto-exploring this place.
 F = Levels seen in this place.
 G = Mean time per level.
                   A        B        C        D        E       F      G
               +--------+--------+--------+--------+--------+-----+--------+
         Total |   5920 |   5782 |    138 |   1015 |   4110 |   6 |  986.7 |
       Dungeon |   5628 |   5521 |    107 |   1015 |   3849 |   5 | 1125.6 |
        Temple |    292 |    261 |     31 |      0 |    261 |   1 |  292.0 |
               +--------+--------+--------+--------+--------+-----+--------+

Top non-repeatable levels by time:
     D:1: 1751 daAuts
     D:3: 1417 daAuts
     D:2: 1232 daAuts
     D:4: 915 daAuts
     D:5: 311 daAuts
  Temple: 292 daAuts
